 Dungeon Crawl Stone Soup version 0.30.0-15-g856e2d3f33 (webtiles) character file.

Game seed: 11460209543670609555

412 Jackthecabe the Shooter (level 6, -8/51 HPs)
             Began as a Tengu Hexslinger on May 19, 2023.
             Was a Priest of Zin.
             Mangled by an ogre
             ... wielding a +0 giant spiked club
              (10 damage)
             ... on level 5 of the Dungeon.
             The game lasted 00:07:52 (3043 turns).

Jackthecabe the Shooter (Tengu Hexslinger)          Turns: 3043, Time: 00:07:53

Health: -8/51      AC: 23    Str: 11    XL:     6   Next: 90%
Magic:  3/8        EV:  2    Int: 13    God:    Zin [***...]
Gold:   147        SH:  0    Dex: 16    Spells: 6/7 levels left

rFire   . . .        v - +0 short sword (elec)
rCold   . . .        (no shield)
rNeg    . . .        c - melded +0 robe
rPois   +            (helmet currently unavailable)
rElec   .            (cloak currently unavailable)
rCorr   .            (gloves currently unavailable)
SInv    .            (boots unavailable)
Will    .....        (no amulet)
Stlth   +            (no ring)
HPRegen 0.28/turn    (no ring)
MPRegen 0.11/turn

%: no passive effects
@: tree-form, attractive
A: stationary, stasis, torment immunity, boosted hp, (beak), (talons 3), nimble
flight
a: Renounce Religion, Recite, Vitalisation, Imprison, Donate Gold


You were on level 5 of the Dungeon.
You worshipped Zin.
Zin was most pleased with you.
You were a tree.
You visited 1 branch of the dungeon, and saw 5 of its levels.

You collected 163 gold pieces.
You donated 16 gold pieces to Zin.

Inventory:

Hand Weapons
 a - a +1 sling
 v - a +0 short sword of electrocution (weapon)
   (You took it off a kobold on level 3 of the Dungeon)
Armour
 c - a +0 robe (melded)
Magical Staves
 n - a staff of death {rN+}
   (You found it on level 2 of the Dungeon)
Jewellery
 d - an amulet of the acrobat
   (You took it off a hobgoblin on level 1 of the Dungeon)
 j - the ring "Rusuusou" {Fly rCorr}
   (You found it on level 3 of the Dungeon)

   [ring of resist corrosion]

   Fly:       It grants you flight.
   rCorr:     It protects you from acid and corrosion.
Scrolls
 f - a scroll of amnesia {unknown}
 g - 2 scrolls of blinking {unknown}
 m - a scroll of immolation {unknown}
 p - a scroll of enchant weapon {unknown}
 q - a scroll of silence {unknown}
 u - a scroll of vulnerability {unknown}
Potions
 e - a potion of flight
 h - a potion of resistance
 i - a potion of magic
 l - a potion of mutation {!q}
 o - a potion of degeneration {!q}
 t - a potion of lignification {!q}


   Skills:
 - Level 1.0 Fighting
 + Level 7.8 Ranged Weapons
 - Level 2.1 Dodging
 - Level 1.0 Spellcasting
 - Level 2.1 Hexes


You had 6 spell levels left.
You knew the following spells:

 Your Spells              Type           Power      Damage    Failure   Level
s - Slow                  Hex            24%        N/A       12%         1

Your spell library contained the following spells:

 Spells                   Type           Power      Damage    Failure   Level
 Inner Flame              Hex/Fire       3%         N/A       47%         3
 Portal Projectile        Hex/Tloc       6%         N/A       47%         3
 Cause Fear               Hex            3%         N/A       75%         4


Dungeon Overview and Level Annotations

Branches:
Dungeon (5/15)
 Temple: D:4-7

Altars:
Zin


Innate Abilities, Weirdness & Mutations

You are a tree.
Your roots penetrate the ground, keeping you stationary.
You cannot be teleported.
You are immune to unholy pain and torment.
Your maximum health is greatly increased.
Your equipment is partially melded.
((You have a beak for a mouth.))
((You have claws for feet.))
Your magical nature lets you fly swiftly and evasively.


Message History

You kill the ogre!
The gnoll is attracted toward you. x2
A gnoll comes into view. It is wielding a +0 halberd.
You take 1 damage, and have 11/51 hp.
You now have 4/8 mp.
Unknown command.
Casting: Slow (safe; 12% risk of failure)
Aiming: Slow (safe; 12% risk of failure)
Aim: a gnoll, wielding a +0 whip (poison gas, chance to affect: 49%)
The gnoll seems to slow down.
The gnoll is engulfed in poison gas.
The gnoll is poisoned.
The gnoll is engulfed in poison gas.
The gnoll is poisoned.
The gnoll hits you but does no damage.
You now have 3/8 mp.
Unknown command.
Casting: Slow (safe; 12% risk of failure)
Aiming: Slow (safe; 12% risk of failure)
Okay, then.
Fire: a) +1 sling
Aim: a gnoll, wielding a +0 whip (poison gas, severely wounded, poisoned, slow, 65% to hit)
You shoot a sling bullet.
The sling bullet barely misses the gnoll.
The sling bullet completely misses the gnoll.
The gnoll looks even sicker.
The gnoll hits you but does no damage.
Fire: a) +1 sling
Aim: a gnoll, wielding a +0 whip (poison gas, severely wounded, poisoned, slow, 65% to hit)
You shoot a sling bullet.
The sling bullet closely misses the gnoll.
The sling bullet hits the gnoll but does no damage.
The gnoll looks even sicker.
The gnoll hits you but does no damage.
A gnoll comes into view. It is wielding a +0 spear.
The gnoll is engulfed in poison gas.
The gnoll looks even sicker.
You kill the gnoll!
The gnoll is attracted toward you. x2
Throw: 5 darts (poison)
Aim: a gnoll, wielding a +0 spear (63% to hit)
You throw a poisoned dart. The poisoned dart hits the gnoll.
The gnoll is engulfed in poison gas.
The gnoll looks as sick as possible!
The gnoll hits you with a +0 halberd.
* * * LOW HITPOINT WARNING * * *
The gnoll hits you but does no damage.
You take 4 damage, and have 8/51 hp.
Unknown command.
Throw: 4 darts (poison)
Aim: a gnoll, wielding a +0 spear (63% to hit)
You throw a poisoned dart.
The poisoned dart barely misses the gnoll.
The gnoll is engulfed in poison gas.
The gnoll looks as sick as possible!
You kill the gnoll!
The gnoll hits you from afar with a +0 spear.
* * * LOW HITPOINT WARNING * * *
The gnoll is attracted toward you.
You take 2 damage, and have 6/51 hp.
Unknown command.
Throw: 3 darts (poison)
Aim: a gnoll, wielding a +0 spear (poison gas, 63% to hit)
You throw a poisoned dart. The poisoned dart hits the gnoll.
The gnoll is poisoned.
The gnoll is engulfed in poison gas.
The gnoll looks even sicker.
The gnoll hits you but does no damage.
Throw: 2 darts (poison)
Aim: a gnoll, wielding a +0 spear (poison gas, heavily wounded, very poisoned, 63% to hit)
You throw a poisoned dart.
The poisoned dart closely misses the gnoll.
The gnoll is engulfed in poison gas.
The gnoll looks even sicker.
The gnoll hits you but does no damage.
An ogre comes into view. It is wielding a +0 giant spiked club.
The ogre is attracted toward you.
Throw: dart (poison)
Aim: an ogre, wielding a +0 giant spiked club (74% to hit)
You throw a poisoned dart. The poisoned dart hits the ogre.
The ogre is poisoned.
The gnoll is engulfed in poison gas.
The gnoll looks as sick as possible!
You kill the gnoll!
You don't have any such object.
Fire/throw/use which item? ([*] to toss any item) (? for menu, Esc to quit)
Okay, then.
Casting: Slow (safe; 12% risk of failure)
Aiming: Slow (safe; 12% risk of failure)
Aim: an ogre, wielding a +0 giant spiked club (poison gas, poisoned, chance to affect: 39%)
The ogre seems to slow down.
The ogre is engulfed in poison gas.
The ogre looks even sicker.
The ogre hits you but does no damage.
You now have 3/8 mp.
You don't have any such object.
Fire/throw/use which item? ([*] to toss any item) (? for menu, Esc to quit)
Okay, then.
Fire: a) +1 sling
Aim: an ogre, wielding a +0 giant spiked club (poison gas, moderately wounded, very poisoned, slow, 76% to hit)
You shoot a sling bullet.
The sling bullet barely misses the ogre.
Fire: a) +1 sling
Aim: an ogre, wielding a +0 giant spiked club (heavily wounded, very poisoned, slow, 76% to hit)
You shoot a sling bullet. The sling bullet hits the ogre.
The ogre hits you with a +0 giant spiked club.
* * * LOW HITPOINT WARNING * * *
You take 6 damage, and have 1/51 hp.
You hear the crackle of electricity.
v - a +0 short sword of electrocution (weapon)
You hit the ogre. You hit the ogre.
The ogre is no longer moving slowly.
The ogre hits you with a +0 giant spiked club!
You die...

#######.#
.##........#######
...........#.....#
..........#......#######
..........#............#
........#............#
.......#............#
####'#####.....#######
#...)♣O)##.....##....#
..)....))()).....#......
..........#......'.....#
..........#......#.....#
.###########.....##....#
......##†....##...$#
........†.....+ ....
........†.....# ....
..............# ...


You could see an ogre (very poisoned).

Vanquished Creatures
  An ogre (D:5)
  A kobold brigand (D:5)
  A howler monkey (D:5)
  Jessica (D:2)
  2 iguanas (D:5)
  4 gnolls (D:5)
  3 adders (D:2 D:3)
  A shadow imp (D:5)
  2 dart slugs (D:1 D:3)
  An orc (D:5)
  3 endoplasms (D:1 D:3 D:4)
  2 giant cockroaches (D:1 D:3)
  6 goblins (D:1 D:2)
  8 hobgoblins (D:1 D:2)
  10 jackals (D:1 D:3)
  4 ball pythons (D:1 D:2 D:3)
  8 bats (D:1 D:2 D:3)
  2 frilled lizards (D:1)
  12 kobolds (D:1 D:2 D:3 D:5)
  2 rats (D:1 D:3)
74 creatures vanquished.

Notes
Turn   | Place    | Note
-------+----------+-------------------------------------------
     0 | D:1      | Jackthecabe the Tengu Hexslinger began the quest for the
                  | Orb.
     0 | D:1      | Reached XP level 1. HP: 12/12 MP: 3/3
    47 | D:1      | HP: 4/12 [jackal (3)]
    55 | D:1      | HP: 3/12 [jackal (3)]
   135 | D:1      | Reached skill level 3 in Ranged Weapons
   135 | D:1      | Reached XP level 2. HP: 16/16 MP: 4/4
   202 | D:1      | HP: 6/16 [hobgoblin (4)]
   211 | D:1      | HP: 4/16 [bat (1)]
   218 | D:1      | HP: 3/16 [bat (1)]
   239 | D:1      | HP: 7/16 [bat (1)]
   517 | D:1      | Found a faded altar of an unknown god.
   538 | D:1      | Prayed at the altar of an unknown god.
   538 | D:1      | Became a worshipper of Zin the Law-Giver
   538 | D:1      | Reached * piety under Zin
   638 | D:1      | Reached XP level 3. HP: 20/20 MP: 5/5
   944 | D:1      | HP: 8/20 [dart slug/slug dart (5)]
   947 | D:1      | Reached skill level 4 in Ranged Weapons
  1360 | D:2      | Reached ** piety under Zin
  1437 | D:2      | Noticed Jessica
  1640 | D:2      | Killed Jessica
  1641 | D:2      | Reached XP level 4. HP: 19/25 MP: 6/6
  1836 | D:2      | Reached skill level 5 in Ranged Weapons
  2218 | D:3      | Identified the ring "Rusuusou" {Fly rCorr}
  2245 | D:3      | HP: 11/25 [poisoned by an adder]
  2250 | D:3      | HP: 7/25 [poisoned by an adder]
  2587 | D:3      | Reached *** piety under Zin
  2594 | D:3      | Gained mutation: Your magical nature lets you fly swiftly
                  | and evasively. [Tengu growth]
  2594 | D:3      | Reached XP level 5. HP: 27/29 MP: 7/7
  2601 | D:3      | You are sucked into a shaft and drop 2 floors!
  2601 | D:5      | Entered Level 5 of the Dungeon
  2923 | D:5      | Reached skill level 6 in Ranged Weapons
  3002 | D:5      | Noticed a kobold brigand
  3017 | D:5      | HP: 14/29 [poisoned by a kobold brigand]
  3018 | D:5      | Noticed an ogre
  3019 | D:5      | Reached XP level 6. HP: 16/34 MP: 8/8
  3022 | D:5      | HP: 6/34 [poisoned by a kobold brigand]
  3027 | D:5      | HP: 22/51 [poisoned by a kobold brigand]
  3028 | D:5      | Reached skill level 7 in Ranged Weapons
  3033 | D:5      | HP: 8/51 [gnoll/+0 halberd (4)]
  3040 | D:5      | HP: 1/51 [ogre/+0 giant spiked club (6)]
  3043 | D:5      | Mangled by an ogre

Illustrated notes

Levels and vault maps discovered:
D:1:      ldierk_walled_garden, layout_basic, shapermc_ecumenical_altar_ellora,
          corexii_item_surrounded_by_moat
D:2:      layout_basic, uniq_jessica, uniq_robin
D:3:      layout_basic, uniq_crazy_yiuf_cottage
D:4:      layout_cave_pods, nicolae_ossuary_entry_monument,
          ebering_ghost_disaster_area, roderic_malta_cross,
          kennysheep_big_empty_room
D:5:      layout_gridville, minmay_temple_entry_waves

Skill      XL: |  1  2  3  4  5  6 |
---------------+-------------------+-----
Ranged Weapons | 3 4 5 6 7 |  7.8
Fighting       | |  1.0
Dodging        | |  2.1
Spellcasting   | |  1.0
Hexes          | |  2.1

Action                     |  1- 3 |  4- 6 || total
---------------------------+-------+-------++-------
  Melee: Short sword       |       |     2 ||     2
   Fire: Sling             |   117 |   123 ||   240
  Throw: Dart              |       |     5 ||     5
   Cast: Slow              |     6 |     6 ||    12
    Use: Scroll            |       |     8 ||     8
         Potion            |       |     3 ||     3
 Armour: Robe              |    12 |     6 ||    18
         Skin              |       |    10 ||    10
  Dodge: Dodged            |    65 |    61 ||   126

Levels and vault maps discovered:
D:1:      ldierk_walled_garden, layout_basic, shapermc_ecumenical_altar_ellora,
          corexii_item_surrounded_by_moat
D:2:      layout_basic, uniq_jessica, uniq_robin
D:3:      layout_basic, uniq_crazy_yiuf_cottage
D:4:      layout_cave_pods, nicolae_ossuary_entry_monument,
          ebering_ghost_disaster_area, roderic_malta_cross,
          kennysheep_big_empty_room
D:5:      layout_gridville, minmay_temple_entry_waves

Table legend: (Time is in decaauts)
 A = Elapsed time spent in this place.
 B = Non-inter-level travel time spent in this place.
 C = Inter-level travel time spent in this place.
 D = Time resting spent in this place.
 E = Time spent auto-exploring this place.
 F = Levels seen in this place.
 G = Mean time per level.
                   A        B        C        D        E       F      G
               +--------+--------+--------+--------+--------+-----+--------+
         Total |   3079 |   2935 |    144 |    371 |   1991 |   5 |  615.8 |
       Dungeon |   3079 |   2935 |    144 |    371 |   1991 |   5 |  615.8 |
               +--------+--------+--------+--------+--------+-----+--------+

Top non-repeatable levels by time:
     D:1: 1192 daAuts
     D:2: 1028 daAuts
     D:5: 430 daAuts
     D:3: 417 daAuts
     D:4: 9 daAuts

Table legend:
 A = Kills in this place as a percentage of kills in the entire game.
 B = Kills by you in this place as a percentage of kills by you in the entire game.
 C = Kills by friends in this place as a percentage of kills by friends in the entire game.
 D = Other kills in this place as a percentage of other kills in the entire game.
 E = Experience gained in this place as a percentage of experience gained in the entire game.
 F = Experience gained in this place divided by the number of levels of this place that you have seen.
                   A       B       C       D       E      F
               +-------+-------+-------+-------+-------+----------------------
         Total | 100.0 | 100.0 |   N/A |   N/A | 100.0 | 117.8
       Dungeon | 100.0 | 100.0 |   N/A |   N/A | 100.0 | 117.8
               +-------+-------+-------+-------+-------+----------------------
